[Event "57th Biel Festival MTO 2024"]
[White "Hafiz,Arif Abdul"]
[Black "Moiseenko,Alexander"]
[Site "Biel"]
[Round "2.7"]
[Annotator "RC"]
[Result "0-1"]
[Date "2024.07.16"]
[WhiteElo "2367"]
[BlackElo "2560"]
[PlyCount "122"]
[TimeControl "60"]

1. e4 c5 2. Nc3 e6 3. f4 d5 4. d3 Nc6 5. Nf3 d4 6. Nb1 Bd6 7. g3 e5 8. Bg2 exf4 9. gxf4 Nge7 10. O-O f5 11. e5 Bc7 12. c4 h6 13. Qe1 O-O 14. Na3 a6 15. Nc2 b5 16. b4 bxc4 17. bxc5 Ba5 18. Bd2 c3 19. Bc1 Be6 20. Qf2 Bd5 21. Nfxd4 Bxg2 22. Kxg2 Rb8 23. Ba3 Qd5+ 24. Qf3 Nxd4 25. Qxd5+ Nxd5 26. Nxd4 Bb4 27. Nc2 Bxa3 28. Nxa3 Rfc8 29. Nc4 Rxc5 30. Kf3 Rb4 31. Rab1 g5 32. fxg5 hxg5 33. Ke2 f4 34. Kf3 Kf7 35. a3 Rxb1 36. Rxb1 Ke6 37. h3 Rb5 38. Rc1 Rb8 39. Rg1 Kf5 40. d4 Rh8 41. Nd6+ Ke6 42. Ne4 c2 43. Ke2 Kf5 44. Nd6+ Kg6 45. Kd2 Rxh3 46. Kxc2 Re3 47. Kd2 f3 48. Re1 Rxa3 49. e6 Ra2+ 50. Kd3 Nf4+ 51. Kc3 f2 52. Rf1 Nxe6 53. Ne4 Ra3+ 54. Kd2 Nxd4 55. Rxf2 Ra2+ 56. Kc3 Nb5+ 57. Kb4 Rxf2 58. Nxf2 Kf5 59. Ka5 Nc7 60. Kb6 g4 61. Kxc7 a5 0-1

[Event "57th Biel Festival MTO 2024"]
[White "Harsha Bharathakoti"]
[Black "Narayanan,Samrug"]
[Site "Biel"]
[Round "2.8"]
[Annotator "TA"]
[Result "1-0"]
[Date "2024.07.16"]
[WhiteElo "2569"]
[BlackElo "2335"]
[PlyCount "87"]
[TimeControl "60"]

1. e4 e5 2. Bc4 Nf6 3. d3 Nc6 4. Nc3 Bc5 5. f4 d6 6. Nf3 a6 7. f5 b5 8. Bb3 Na5 9. Qe2 Bb7 {[%emt 0:7:22] The position is equal.} 10. Bg5 Nxb3 11. axb3 c6 12. Be3 Qb6 13. Bxc5 Qxc5 14. O-O-O O-O-O {[%emt 0:6:8] [#]} 15. g4 $1 Rhe8 (15... h6 16. Rhg1 )16. Rhg1 Qb6 17. Kb1 d5 18. g5 Nd7 19. g6 hxg6 (19... fxg6 $11 20. fxg6 h6 )20. fxg6 $14 f6 21. Nh4 {[%emt 0:0:3] Hoping for Nf5.} Nf8 22. Nf5 Ne6 23. h4 $1 Kb8 24. h5 Rh8 ({Black should play} 24... d4 )25. h6 $16 gxh6 (25... Qc7 $16 )26. g7 $18 Rhg8 27. Qh5 (27. Nxh6 Rxg7 28. Rxg7 Nxg7 $11 )Rd7 28. Qxh6 (28. Nxh6 Rgxg7 (28... Nxg7 29. Qh3 $16 )29. Rxg7 Nxg7 $11 )Qd8 29. b4 ({White should try} 29. Rg6 $18 )Bc8 $16 30. Rg6 $36 {[%emt 0:2:37][%mdl 2048] Keeping Black busy. White has more active pieces.} Rf7 31. d4 (31. exd5 $16 Nf4 32. Nd4 )Nf4 {[%emt 0:6:18][%mdl 8192] Loses the game.} (31... exd4 $14 32. Nxd4 Nxd4 )32. dxe5 $18 Bxf5 (32... Nxg6 33. Qxg6 Rfxg7 34. Nxg7 fxe5 35. exd5 cxd5 36. Nxd5 Bb7 )33. Rxf6 (33. Qxf4 Bxg6 34. e6+ (34. exd5 $2 {is the wrong capture.} fxe5 35. Qxe5+ Qc7 $19 )(34. exf6+ $2 Kb7 $19 )Rc7 35. exd5 cxd5 (35... Rgxg7 $2 36. dxc6 Qh8 37. Rd6 $18 )36. Rxd5 Qc8 37. Qxf6 Rcxg7 $18 (37... Rgxg7 $2 38. Rd8 $18 ))Be6 34. Rxf7 (34. Rxe6 Nxe6 35. Qxe6 Qd7 36. exd5 Qxe6 37. dxe6 Rfxg7 $17 )Bxf7 35. Qxf4 Qc7 36. exd5 {[%emt 0:0:38] [#] d6 would now be deadly.} cxd5 37. Qf6 {[%emt 0:0:44][%cal Oe5e6] aiming for e6!} d4 38. e6 Bh5 39. Rxd4 {[%emt 0:2:25] White mates.} Rxg7 40. Nd5 Rg1+ 41. Ka2 Qxc2 42. Qd8+ Qc8 43. Qd6+ {[%emt 0:0:17] Black is weak on the dark squares} Kb7 44. Qb6+ {[%emt 0:0:4] Weighted Error Value: White=0.08 (flawless) /Black=0.45.  Loses game:     	---       	Black=1      Mistake:       	White=2     	Black=4      Inaccurate:     	White=2     	---        OK:         	White=12    	Black=12     Best:        	White=3     	Black=1      Strong:       	White=1     	---} 1-0

[Event "57th Biel Festival MTO 2024"]
[White "Padmini,Rout"]
[Black "Jumabayev,Rinat"]
[Site "Biel"]
[Round "2.9"]
[Annotator "TA"]
[Result "0-1"]
[Date "2024.07.16"]
[WhiteElo "2348"]
[BlackElo "2575"]
[PlyCount "128"]
[TimeControl "60"]

1. e4 e5 2. Nf3 Nc6 3. d4 exd4 4. Bc4 Bc5 5. O-O d6 6. c3 d3 7. b4 Bb6 8. a4 a6 {[%emt 0:8:45] C44: Ponziani Opening and Scotch Gambit.} 9. h3 Nge7 10. Qxd3 $146 ({Predecessor:} 10. Bxd3 Ng6 11. Na3 Nce5 12. Nc4 Nxc4 13. Bxc4 O-O 14. Qb3 h6 15. Ra2 Qf6 16. Be2 {½-½ Gaikwad,S (2003)-Teichmann,E (2312) Barcelona Sant Marti op-A 18th 2016 (1)} )Ng6 11. Bb3 O-O 12. Na3 Be6 13. Nc4 Ba7 14. Ng5 Bd7 15. Qg3 Qf6 16. b5 Nce5 17. b6 Nxc4 18. bxa7 Na5 19. Bd5 h6 $1 20. Nf3 Be6 21. Bxe6 Qxe6 (21... fxe6 $17 22. Nd4 e5 (22... Rxa7 23. Rb1 $17 ))22. Re1 c5 (22... Rxa7 {simplifies} 23. e5 dxe5 24. Nxe5 b6 )23. h4 Ne5 24. Nxe5 dxe5 25. Be3 (25. Rd1 $11 {keeps the balance.} )b6 $17 (25... Rxa7 $2 {too greedy.} 26. Bxc5 Raa8 27. Bxf8 Rxf8 28. Rab1 $18 )26. Rad1 Nc4 27. Bc1 Rxa7 28. Rd5 Rc8 29. Qd3 b5 30. axb5 axb5 31. Be3 Qe7 32. Rb1 Rb7 (32... Qxh4 {feels hotter.} 33. Rxc5 Rxc5 34. Bxc5 Ra2 )33. h5 Nxe3 34. Qxe3 b4 35. cxb4 (35. g3 $142 )cxb4 $17 36. Qg3 (36. g3 $17 {keeps fighting.} )Rc5 (36... Rc3 $19 37. Rd3 Rbc7 )37. Rd3 Qg5 38. Qf3 Rc1+ 39. Rxc1 Qxc1+ 40. Rd1 Qf4 41. Qd3 Kh7 42. Rb1 (42. Rf1 $17 )Rb6 (42... Rc7 $19 {Hoping for ...Rc3.} 43. g3 Qg4 )43. Qc4 Qd2 ({Much less strong is} 43... Rf6 44. Qe2 )44. Qxf7 (44. f3 $17 )Rf6 $19 45. Qa7 b3 $1 46. Qe3 (46. Qc5 $142 )Qxe3 $19 47. fxe3 Rb6 48. Kf2 Kg8 (48... b2 $142 {...g6 is the strong threat.} 49. Ke2 g6 50. hxg6+ Kxg6 (50... Rxg6 $2 51. g3 $19 ))49. Ke2 Kf7 ({Black should play} 49... Rb4 {[%cal Ob3b2] And now ...b2! would win.} 50. Kd3 Kf7 )50. Kd2 $17 Kf6 51. Kc3 $2 (51. Rf1+ $17 Kg5 52. Rf5+ Kh4 53. Kc1 )Kg5 52. Kc4 Kxh5 53. Kd5 $2 (53. Rb2 Kg5 54. Kc5 )b2 $19 54. Kxe5 Kg5 55. Kd4 Kf6 56. Kd5 h5 57. Rf1+ Ke7 58. Rb1 g5 59. e5 h4 60. Kc5 Rb8 61. Kd5 g4 62. Ke4 Ke6 63. Kf4 Rb4+ 64. e4 h3 0-1

[Event "57th Biel Festival MTO 2024"]
[White "Gavrilescu,David"]
[Black "Sukandar,Irine Kharisma"]
[Site "Biel"]
[Round "2.10"]
[Annotator "TA"]
[Result "0-1"]
[Date "2024.07.16"]
[WhiteElo "2538"]
[BlackElo "2338"]
[PlyCount "98"]
[TimeControl "60"]

1. e4 e5 2. Nf3 Nc6 3. Bc4 Nf6 4. d3 Be7 5. O-O O-O 6. Re1 d6 7. a4 Na5 8. Ba2 c5 9. c3 Nc6 10. Na3 {[%emt 0:1:39] White is slightly better.} Be6 11. Bg5 Bxa2 12. Rxa2 Nh5 13. Bd2 Qd7 14. Nc4 f5 15. Ra1 Rae8 16. b4 cxb4 17. cxb4 Qe6 18. Rc1 ({White should try} 18. Ne3 $16 )fxe4 19. dxe4 Qg6 $1 20. b5 Nd8 21. Be3 Ne6 {[%emt 0:3:24] [#]} 22. Nfxe5 $1 dxe5 23. Nxe5 (23. Bxa7 $2 Nhf4 24. g3 Rd8 $19 )Qf6 24. Nd7 (24. Qxh5 $6 g6 25. Nxg6 hxg6 $11 )Qg6 25. Ne5 Qf6 26. Nd7 Qg6 27. Nxf8 Rxf8 28. Qd7 $2 (28. Bxa7 $6 Nhf4 29. g3 Rd8 $11 )(28. Kh1 $16 )Bb4 $17 29. Qxb7 Bxe1 $40 {[%emt 0:0:15][%mdl 128] Black has strong attack.} 30. Rxe1 Nhf4 31. e5 Nh3+ {[%emt 0:2:10] A dynamic duo of knights.} 32. Kh1 Nxf2+ 33. Bxf2 Rxf2 34. Qa8+ Rf8 $1 35. Qxa7 Nf4 36. Qg1 Qc2 $1 {[%emt 0:4:33][%cal Of4d3] Threatens to win with ...Nd3!} 37. Ra1 $2 (37. h3 $17 {is more resistant.} )Nd3 $19 38. Qd4 Qe2 39. h3 Nf4 $2 (39... Nxe5 40. b6 $14 )(39... Qxe5 40. Qxe5 Nxe5 41. a5 $16 )(39... Ne1 $19 40. Qd5+ Kh8 )40. Rg1 $11 Qa2 {[%emt 0:8:35] aiming for ...Ne2.} 41. Kh2 ({Much weaker is} 41. b6 Ne2 42. Qb4 (42. Ra1 $2 Rf1+ 43. Kh2 Qxa1 $19 )Nxg1 $17 )Ne2 42. Ra1 Qb3 43. Qe4 $1 Qg3+ 44. Kh1 Qf2 {[%emt 0:0:29] Active counter play!} (44... Qc3 $5 45. Qd5+ $8 Kh8 $11 )45. Kh2 {[%emt 0:5:47] [#]} (45. Qc4+ $11 Kh8 46. e6 )Kh8 $1 $17 {[%emt 0:5:31] And now ...Qg3+ would win.} 46. Qb4 $2 {[%emt 0:12:50][%mdl 8192] [#]} (46. Qc4 $17 )h5 $1 $19 {[%emt 0:4:7] ( -> ...Rf3)} ({Not} 46... Qg3+ 47. Kh1 Rc8 48. e6 $11 )47. Qe1 Qf4+ (47... Qe3 $142 48. Ra3 Qxa3 49. Qxe2 Qxa4 50. Qxh5+ Kg8 )48. g3 Qe3 49. Kg2 Rf3 {[%emt 0:0:22] Weighted Error Value: White=0.74/Black=0.20 (precise) .  Loses game:     	White=2     	---        Missed win:     	---       	Black=1      Mistake:       	White=3     	---        Inaccurate:     	White=2     	Black=2      OK:         	White=12    	Black=16     Best:        	White=3     	Black=3      Strong:       	White=1     	Black=5} 0-1

[Event "57th Biel Festival MTO 2024"]
[White "Ayush Sharma"]
[Black "Kobo,Ori"]
[Site "Biel"]
[Round "2.11"]
[Annotator "TA"]
[Result "0-1"]
[Date "2024.07.16"]
[WhiteElo "2325"]
[BlackElo "2529"]
[PlyCount "70"]
[TimeControl "60"]

1. e4 e5 2. Nf3 Nc6 3. Bb5 a6 4. Ba4 Nf6 5. O-O Be7 6. Re1 b5 7. Bb3 d6 8. c3 O-O 9. h3 Nb8 10. d4 Nbd7 11. c4 c6 12. a3 exd4 (12... bxc4 $5 13. Bxc4 d5 $14 )13. Nxd4 Ne5 14. cxb5 axb5 {[%emt 0:0:12] Die Stellung ist ausgeglichen.} 15. Be3 Bd7 16. Nc3 Re8 17. Qe2 Bf8 18. f4 {[%emt 0:11:17] [#]} Nc4 19. Bxc4 bxc4 20. Qxc4 Nxe4 21. Nxc6 Qc8 22. Nxe4 {[%emt 0:8:48][%cal Oe4g5] Schwarz muss nun Ng5! beachten.} Bxc6 23. Ng5 ({Vorzuziehen ist} 23. Ng3 $1 $14 )Qb7 $1 $11 {[%emt 0:0:19][%csl LRb2,LRg2][%cal Oh7h6][%mdl 1024] Schwarz hat Kompensation.} 24. Qc2 g6 {[%emt 0:0:17] Und jetzt ...h6 wäre schön.} 25. Rac1 $132 {[%emt 0:4:47][%mdl 2048] Weiss hält sich nicht zurück} Bd5 {[%emt 0:14:29] Droht ...h6 und aus. Ein starkes Läuferpaar.} 26. Qf2 $1 h6 27. Nf3 Bxf3 28. gxf3 Bg7 29. Re2 (29. Rc2 $11 )Qd7 {[%emt 0:4:47] Schwarz steht deutlich aktiver.} ({Günstiger ist} 29... Re7 $17 {...Rae8 wäre nun fies.} 30. Rce1 Rae8 )30. Kg2 Ra5 31. Rd2 Rh5 32. Rh1 Bf6 33. Bc5 $2 Bh4 $19 {[%emt 0:1:29] Schwarz steht klar auf Gewinn.} 34. Qd4 Rxc5 35. Qxc5 {[%emt 0:0:26] [#]} Re2+ $3 {[%emt 0:0:7][%mdl 512] Gewichteter Fehlerwert: Weiß=0.39/Schwarz=0.11 (sehr präzise) .  Verlustzug:     	Weiß=1     	---        Fehler:       	Weiß=2     	Schwarz=1     Ungenau:       	Weiß=1     	Schwarz=2     OK:         	Weiß=7     	Schwarz=9     Bester:       	Weiß=3     	Schwarz=1     Stark:        	Weiß=1     	Schwarz=1} 0-1

[Event "57th Biel Festival MTO 2024"]
[White "Koustav Chatterjee"]
[Black "Haimovich,Tal"]
[Site "Biel"]
[Round "2.12"]
[Annotator "RC"]
[Result "1-0"]
[Date "2024.07.16"]
[WhiteElo "2525"]
[BlackElo "2330"]
[PlyCount "103"]
[TimeControl "60"]

1. d4 Nf6 2. c4 e6 3. Nc3 Bb4 4. e3 O-O 5. Bd3 d5 6. a3 Bxc3+ 7. bxc3 b6 8. cxd5 exd5 9. Ne2 Re8 10. O-O Ba6 11. Bxa6 Nxa6 12. Qd3 Nb8 13. Bb2 Nbd7 14. f3 Qe7 15. Kf2 c5 16. Ng3 Nf8 17. Rae1 Ne6 18. e4 c4 19. Qd2 dxe4 20. fxe4 Ng4+ 21. Kg1 Qh4 22. h3 Qxg3 23. hxg4 Qxg4 24. e5 Rad8 25. Re3 Rd7 26. Qf2 Nf8 27. a4 Qe6 28. Ba3 Ng6 29. Rf3 Nh8 30. Qh4 Qc6 31. Rh3 h6 32. Bd6 Re6 33. Rg3 Ng6 34. Qg4 Qd5 35. Rb1 h5 36. Qxh5 Rdxd6 37. Rb5 Qe4 38. exd6 Nf4 39. Qg5 Ne2+ 40. Kh2 Nxg3 41. d7 Rh6+ 42. Qxh6 gxh6 43. d8=Q+ Kg7 44. Kxg3 Qe3+ 45. Kh2 Qf4+ 46. Kh3 Qe3+ 47. g3 Qe6+ 48. g4 Qe3+ 49. Kh4 Qf2+ 50. Kh5 Qh2+ 51. Qh4 Qd6 52. Qf2 1-0

[Event "57th Biel Festival MTO 2024"]
[White "Ritviz,Parab"]
[Black "Xiao,Tong"]
[Site "Biel"]
[Round "2.13"]
[Annotator "TA"]
[Result "1/2-1/2"]
[Date "2024.07.16"]
[WhiteElo "2334"]
[BlackElo "2518"]
[PlyCount "91"]
[TimeControl "60"]

1. e4 c5 2. Nf3 d6 3. Bb5+ Bd7 4. c4 Nc6 5. Nc3 e5 6. d3 Nf6 7. O-O Be7 8. Ne1 O-O 9. Nc2 Ne8 10. f4 exf4 11. Bxf4 Bf6 12. Ne3 Bd4 {[%emt 0:13:16] [#] Und ...g5 würde nun gewinnen.} 13. Qd2 Qa5 14. Kh1 a6 15. Bxc6 bxc6 16. Rac1 Qd8 17. Ne2 Bf6 18. Nf5 Bxf5 19. exf5 a5 20. Ng3 Bd4 21. Ne4 d5 22. cxd5 Qxd5 23. Be3 Rd8 (23... Nf6 $14 )24. Bxd4 $16 (24. Nxc5 Bxe3 25. Qxe3 Qxa2 $16 )Qxd4 25. Nxc5 {[%emt 0:1:32] Weiß steht aktiver.} (25. Rxc5 $2 {geht unter.} Qxe4 (25... Qxd3 26. Qxd3 Rxd3 27. Rxc6 $14 )26. dxe4 Rxd2 $19 )Nf6 26. b3 (26. Nb3 {vereinfacht} Qxd3 27. Qxd3 Rxd3 28. Nxa5 Ra8 29. b4 )Rd5 27. Rc4 (27. Qxa5 $2 Ng4 28. h3 Nf2+ 29. Rxf2 Qxf2 $19 )Qe5 28. Qxa5 (28. d4 $1 $14 Qe7 29. Rf3 (29. Qxa5 Ng4 $11 ))Rxd3 $11 {[%emt 0:0:44] Zielt auf ...Re8 ab.} 29. Qe1 Re3 30. Qh4 ({Vorzuziehen ist} 30. Qa1 $11 )Re8 {[%emt 0:1:9][%mdl 1024] Schwarz hat Kompensation.} 31. Rcc1 {[%emt 0:0:46][%cal Bc4c1,Bc1b1,Bb1e1][%mdl 32] Lässt Re1 nicht zu. Die Stellung ist ausgeglichen.} Re2 32. a4 Nd5 {[%emt 0:0:36] Droht stark ...Ne3.} (32... Qd5 {ist interessant.} 33. Qg3 R8e3 34. Qb8+ Re8 )33. Qg3 Qd4 {[%emt 0:0:44] Und jetzt ...Ne3 wäre schön.} 34. Qd3 Qb2 35. Rb1 Qe5 36. Qg3 Qd4 (36... Ne3 {vereinfacht} 37. Qxe5 Rxe5 38. Nd3 Nxf1 39. Nxe5 Nd2 )37. Qd6 {[%emt 0:0:27] [#]} Rxg2 $1 {[%emt 0:0:58][%cal Oh7h6] Weiss muss nun ...h6! beachten.} 38. Rbe1 Ra8 39. Qxc6 (39. Kxg2 $2 {verliert.} Ne3+ 40. Rxe3 Qxd6 $19 )Rxh2+ $1 40. Kxh2 Qh4+ 41. Kg2 Qg4+ 42. Kf2 Qxf5+ 43. Kg3 Qg5+ 44. Kf3 Qf5+ 45. Kg3 Qg5+ 46. Kf3 {[%emt 0:0:0] Gewichteter Fehlerwert: Weiß=0.09 (makellos) /Schwarz=0.09 (makellos) .  Fehler:       	Weiß=2     	Schwarz=1     Ungenau:       	Weiß=3     	Schwarz=4     OK:         	Weiß=7     	Schwarz=15    Bester:       	Weiß=2     	Schwarz=4     Stark:        	---       	Schwarz=1} 1/2-1/2

[Event "57th Biel Festival MTO 2024"]
[White "Sokolovsky,Yahli"]
[Black "Emmenecker,Pierre-Antoine"]
[Site "Biel"]
[Round "2.14"]
[Annotator "TA"]
[Result "1-0"]
[Date "2024.07.16"]
[WhiteElo "2492"]
[BlackElo "2306"]
[PlyCount "63"]
[TimeControl "60"]

1. e4 e5 2. Nf3 Nf6 3. Nxe5 d6 4. Nf3 Nxe4 5. Nc3 Nxc3 6. dxc3 Nc6 7. Be3 Be7 8. Qd2 Bf5 9. O-O-O Qd7 10. Be2 Bf6 {[%emt 0:14:50] The position is equal.} 11. Rhe1 O-O 12. h3 Rae8 13. g4 Be4 14. Kb1 Ne5 15. Nxe5 Bxe5 {[%emt 0:6:48] Black is now going downhill.} ({Black should play} 15... Rxe5 $14 16. Bd4 (16. Bxa7 $2 b6 $19 )Re6 )16. f3 $1 $16 (16. Bxa7 b6 17. a3 g6 $17 )Bc6 17. f4 $1 (17. Bxa7 $6 b6 $11 )Bf6 18. g5 $1 (18. Bxa7 Bh4 19. Be3 Re7 $19 (19... Bxe1 20. Rxe1 Re7 21. Bd3 $19 ))Be7 (18... Qxh3 $2 19. Bf1 Qf5 20. Bd3 $18 (20. gxf6 g6 $18 ))19. Bg4 (19. Bxa7 b6 $11 )Qd8 20. f5 $36 {[%emt 0:1:46][%mdl 2048] Keeping Black busy. White is much more active.} (20. Bxa7 b6 21. Re3 g6 $11 )Be4 (20... f6 $16 )21. c4 $18 (21. Bxa7 Bxg5 22. Qd4 Bc6 $17 )c6 22. Bf4 $1 ({Inferior is} 22. Bxa7 Bxg5 23. Be3 Bxe3 24. Rxe3 d5 $11 )d5 {[%emt 0:0:32][%cal Bd6d5,Bd5e4,Be4e3][%mdl 32] [#]} 23. f6 $1 gxf6 {[%emt 0:2:47] [#]} 24. Rxe4 $1 dxe4 25. Qc3 Qb6 (25... fxg5 26. Rxd8 Bxd8 )26. gxf6 Bc5 27. Bh6 {[%emt 0:14:27] This pair of bishops is nice.} Qc7 {[%emt 0:7:14] Against Qg3} (27... Kh8 28. Bg7+ Kg8 )28. Qd2 {[%emt 0:0:24] White wants to mate with Qg5+. White is clearly winning.} Qe5 {[%emt 0:0:39][%cal Oe5f6] [#]} 29. Rf1 {[%emt 0:0:2][%cal Of1f5] Black must now prevent Rf5!} e3 30. Qe2 Qg3 (30... Bd4 $142 31. Bf5 Qxf6 32. Bxh7+ (32. Bxf8 Kxf8 33. c3 Bb6 $17 )Kxh7 33. Rxf6 Bxf6 34. Bxf8 Rxf8 35. Qd3+ (35. Qxe3 Bg7 $18 )Kg8 36. Qxe3 b6 )31. Bf5 Re5 32. Bf4 {[%emt 0:0:58] Weighted Error Value: White=0.30/Black=0.57.  Mistake:       	---       	Black=4      Inaccurate:     	---       	Black=3      OK:         	White=8     	Black=11     Best:        	White=3     	Black=1      Strong:       	White=3     	---        Brilliant:      	White=2     	---} 1-0

[Event "57th Biel Festival MTO 2024"]
[White "Gloeckler,Christian"]
[Black "Madaminov,Mukhiddin"]
[Site "Biel"]
[Round "2.15"]
[Annotator "TA"]
[Result "0-1"]
[Date "2024.07.16"]
[WhiteElo "2304"]
[BlackElo "2517"]
[PlyCount "116"]
[TimeControl "60"]

1. e4 e5 2. Nf3 Nc6 3. Bb5 a6 4. Ba4 Nf6 5. O-O Bc5 6. c3 b5 7. Bb3 d6 8. d4 Bb6 9. Be3 O-O 10. Nbd2 h6 11. h3 Re8 12. Re1 {[%emt 0:2:31] C78: Ruy Lopez: Archangelsk and Möller Defences.} exd4 13. cxd4 Nb4 14. Qb1 c5 15. a3 Nc6 16. d5 Ne7 17. Bc2 Ng6 18. b4 $146 ({Predecessor:} 18. Nf1 Bd7 19. Ng3 c4 20. Nd4 Rc8 21. Ndf5 Bxf5 22. Nxf5 Bxe3 23. Rxe3 Ne7 24. Nd4 {0-1 Antolak,J (2306)-Cyfka,K (2415) Insignis Women's Day 2021 (5.2)} )c4 19. Bxb6 Qxb6 20. Qb2 Ne5 21. Nxe5 dxe5 22. a4 Bb7 23. Nf3 Nd7 24. Qc3 Qd6 25. Nh4 Qf6 26. g3 g6 27. a5 Qd6 28. Ng2 Rad8 29. Rad1 Nf6 30. Ne3 Bc8 31. Kg2 Nh5 32. Ng4 Bxg4 33. hxg4 Nf6 34. f3 h5 35. g5 Nh7 36. f4 exf4 37. e5 f3+ $1 38. Kxf3 Qe7 (38... Nxg5+ 39. Kf2 Qe7 40. Re3 $11 )39. Kg2 Qxg5 40. Qd4 Nf8 41. Qf4 Qe7 (41... Qg4 {looks sharper.} 42. Be4 Nd7 43. Bc2 Re7 )42. Qd2 (42. d6 {keeps more tension.} Qe6 43. Re3 Qg4 44. Re4 )Ne6 (42... f5 $15 )43. Qf2 (43. d6 $5 Qg5 44. Be4 $11 )Nf8 ({Black should try} 43... Qb7 $11 )44. Qd2 $17 Qb7 45. Kh2 (45. Qd4 $15 )Qd7 (45... f5 $17 )46. Qd4 Qe7 47. Qd2 Ne6 ({Black should play} 47... Kg7 $15 )48. Qf2 Nf8 49. Qd2 Nh7 50. Kg2 Qg5 51. Qd4 Qg4 52. Re4 $1 Qd7 53. Qb6 Qf5 54. Rf1 Qg5 55. Rf2 $1 h4 (55... Rxd5 $5 56. Qb7 $8 Rexe5 57. Qxf7+ Kh8 $14 )56. Rxh4 (56. e6 $1 $11 fxe6 (56... Rxd5 57. exf7+ Kg7 58. fxe8=Q Qxg3+ 59. Kf1 )(56... Qxg3+ 57. Kh1 $11 )57. Rxh4 )Qxe5 $17 (56... Rxd5 $2 57. Qb7 (57. Qxa6 $2 Rdxe5 $19 )Qe7 58. Qxd5 $18 )(56... Rxe5 $2 57. Bxg6 fxg6 58. Rg4 Rexd5 (58... Qxg4 $2 59. Qxd8+ Kg7 60. Qc7+ Kh6 61. Qxe5 $18 )(58... Qe7 $2 59. Qxg6+ Kh8 60. Rf7 $18 )59. Rxg5 Nxg5 60. Qxg6+ (60. Qxa6 Kh7 $18 )Kh8 61. Qxa6 $18 )57. Rxh7 $2 (57. Bxg6 $17 fxg6 (57... Qxd5+ $2 {is the wrong capture.} 58. Kh2 $18 )58. Qxg6+ Qg7 59. Rg4 Qxg6 60. Rxg6+ Kh8 61. Rf7 )Qxd5+ $19 ({Inferior is} 57... Kxh7 58. Rxf7+ Kh8 59. Rh7+ (59. Qxa6 {is a self mate.} Qxd5+ )Kxh7 60. Qxg6+ Kh8 61. Qh7# )58. Kf1 Kxh7 0-1

[Event "57th Biel Festival MTO 2024"]
[White "Valsecchi,Alessio"]
[Black "Shoshin,Kirill"]
[Site "Biel"]
[Round "2.16"]
[Annotator "TA"]
[Result "1/2-1/2"]
[Date "2024.07.16"]
[WhiteElo "2483"]
[BlackElo "2277"]
[PlyCount "70"]
[TimeControl "60"]

1. e4 c5 2. Nf3 Nc6 3. Bb5 g6 4. c3 Nf6 5. Qe2 e5 6. O-O Bg7 $1 7. d4 cxd4 8. cxd4 {[%emt 0:0:41] The position is equal.} Nxd4 9. Nxd4 exd4 10. e5 Nd5 11. e6 O-O 12. exf7+ Kh8 $1 ({Much worse is} 12... Rxf7 $6 13. Bc4 Qe7 14. Qxe7 Nxe7 15. Bxf7+ Kxf7 16. Nd2 $14 )13. Na3 a6 (13... Rxf7 {simplifies} 14. Bc4 Nf4 15. Bxf4 Rxf4 16. Qd2 Rf8 )14. Bc4 Nb6 15. Bf4 {[%emt 0:5:50] Bd6 is the strong threat.} d5 16. Bd3 Qf6 {[%emt 0:5:39] Dodges Be5} 17. Qd2 Rxf7 18. Bg5 Qd6 $36 {[%emt 0:0:36][%mdl 2048] Black fights for an advantage.} 19. Rae1 Bd7 {[%emt 0:7:6] Dodges Re8+} 20. Bh4 (20. Bh6 $1 $15 )Qf4 (20... Na4 $17 {And now ...Kg8 would win.} 21. Bg3 Qb6 )21. Qxf4 $15 Rxf4 22. Bg3 Rf7 23. b3 {[%emt 0:0:42] Prevents Na4} Rc8 24. Re2 (24. Nc2 $15 {was preferrable.} )Bf5 (24... Na4 {seems wilder.} 25. bxa4 Rc3 26. Bb5 d3 )25. Bxf5 Rxf5 (25... gxf5 $5 26. f3 d3 $15 )26. Rd1 Nd7 (26... Nc4 $5 27. bxc4 dxc4 $15 )27. f3 Ne5 28. Rc2 Nc6 29. Bf2 {[%emt 0:1:15] [#]} (29. Kf1 $15 )Re8 $1 $17 30. Kf1 {[%emt 0:1:14] [#] Wards off d3} d3 $1 31. Rcd2 (31. Rxd3 $2 {perishes.} Bf8 32. Rxc6 bxc6 $19 )Nb4 {[%emt 0:0:18] Hoping for ...Bh6.} 32. Nb1 Bh6 33. Rb2 Bg7 (33... d2 $17 34. Bd4+ (34. Nxd2 Bg7 $17 )Kg8 35. Nxd2 Rc8 )34. Rbd2 $11 Bh6 (34... d4 $11 35. a3 Nc2 36. Rxd3 Kg8 )35. Rb2 $1 $17 Bg7 {[%emt 0:4:58] Weighted Error Value: White=0.15 (very precise) /Black=0.13 (very precise) .  Mistake:       	White=3     	Black=4      Inaccurate:     	White=3     	Black=5      OK:         	White=11    	Black=7      Best:        	White=4     	Black=3      Strong:       	White=1     	Black=3      Brilliant:      	---       	Black=1} (35... d2 $17 36. Bd4+ (36. Nxd2 Bg7 $17 )Kg8 37. Nxd2 Rc8 )1/2-1/2

[Event "57th Biel Festival MTO 2024"]
[White "Toktomushev,Teimur"]
[Black "Macovei,Andrei"]
[Site "Biel"]
[Round "2.17"]
[Annotator "RC"]
[Result "1/2-1/2"]
[Date "2024.07.16"]
[WhiteElo "2300"]
[BlackElo "2479"]
[PlyCount "82"]
[TimeControl "60"]

1. d4 Nf6 2. c4 e6 3. Nf3 d5 4. Nc3 Bb4 5. Qa4+ Nc6 6. e3 O-O 7. Qc2 dxc4 8. Bxc4 Bd6 9. O-O e5 10. h3 a6 11. a3 h6 12. dxe5 Nxe5 13. Nxe5 Bxe5 14. Bd2 b5 15. Ba2 Bb7 16. Rad1 Qe7 17. Rfe1 Rad8 18. e4 c5 19. Nd5 Bxd5 20. Bxd5 Qc7 21. Be3 c4 22. b3 Nxd5 23. exd5 Rfe8 24. bxc4 bxc4 25. Qa4 c3 26. Bf4 Re7 27. Bxe5 Rxe5 28. Rxe5 Qxe5 29. Qc4 Rd6 30. g3 g6 31. Rc1 Rxd5 32. Qxc3 Qd6 33. Re1 Qd7 34. h4 h5 35. Qf6 Rd1 36. Rxd1 Qxd1+ 37. Kg2 Qd5+ 38. Qf3 Qc4 39. Qe3 Kg7 40. Qe5+ Kf8 41. Kf3 Qd3+ 1/2-1/2